 Dungeon Crawl Stone Soup version 0.28-a0-556-gab23d0e057 (webtiles) character file.

Game seed: 9597925955732368610

1 flotson the Sneak (level 1, -6/18 HPs)
             Began as a Demonspawn Delver on Sept 28, 2021.
             Killed from afar by a white imp (9 damage)
             ... with a puff of frost
             ... on level 4 of the Dungeon.
             The game lasted 00:00:44 (79 turns).

flotson the Sneak (Demonspawn Delver)                 Turns: 79, Time: 00:00:44

Health: -6/18      AC:  3    Str: 12    XL:     1   Next: 16%
Magic:  1/1        EV: 11    Int: 11    God:
Gold:   11         SH:  0    Dex: 14    Spells: 0/0 levels left

rFire   . . .      SeeInvis .   a - +0 hand axe
rCold   . . .      Faith    .   (no shield)
rNeg    . . .      Spirit   .   b - +0 leather armour
rPois   .          Reflect  .   (no helmet)
rElec   .          Harm     .   (no cloak)
rCorr   .          Rampage  .   (no gloves)
Will    .....                   (no boots)
Stlth   ++........              (no amulet)
HPRegen 0.06/turn               (no ring)
MPRegen 0.07/turn               (no ring)

@: no status effects
A: no striking features
a: no special abilities


You were on level 4 of the Dungeon.
You visited 1 branch of the dungeon, and saw 2 of its levels.

You collected 11 gold pieces.

Inventory:

Hand Weapons
 a - a +0 hand axe (weapon)
Armour
 b - a +0 leather armour (worn)
Wands
 g - a wand of digging (3)
Scrolls
 c - a scroll of fog
 d - a scroll of magic mapping
Potions
 f - a potion of haste


   Skills:
 + Level 3.0 Fighting
 + Level 1.8 Axes
 + Level 0.0 Armour
 + Level 1.8 Dodging
 - Level 4.5 Stealth


You couldn't memorise any spells.
You didn't know any spells.
Your spell library was empty.

Dungeon Overview and Level Annotations

Branches:
Dungeon (5/15)
 Temple: D:4-7

Altars:


Message History

Where to? (Enter - D:4, ? - help)
There is a stone staircase leading down here.
You climb downwards.
There is a stone staircase leading up here.
As you open the door, it creaks loudly!
There is an open door here.
You hear a distant slurping noise.
Found 18 bolts.
A jelly comes into view.
Found a scroll labelled SIOMMU VILI.
(D) Dungeon
Where to? (Enter - D:5, ? - help)
You see here a +0 hand axe.
You hear a distant slurping noise.
There is a stone staircase leading up here.
You climb upwards.
There is a stone staircase leading down here.
A white imp comes into view.
A goblin comes into view. It is wielding a +0 dagger.
The white imp gestures at you. The puff of frost hits you!
A scorpion comes into view.
Found a smoky black potion.
The white imp hits you. The white imp freezes you.
You are too injured to fight recklessly!
You are too injured to fight recklessly!
You are too injured to fight recklessly!
You are too injured to fight recklessly!
You are too injured to fight recklessly!
You are too injured to fight recklessly!
You are too injured to fight recklessly!
The white imp gestures at you. The puff of frost hits you.
* * * LOW HITPOINT WARNING * * *
As you read the scroll of fear, it crumbles to dust.
You assume a fearsome visage.
The scorpion looks frightened!
There is a stone staircase leading down here.
The white imp gestures at you. The puff of frost hits you!
Ouch! That really hurt!
You die...

...... #... #.
#.... ...
#.###...###.## .
....(..s.....#...
................!
........5........
####...###.#....
#...# .. . #..@#
..# #...# ...
#...# ## ##.## ..
###


You could see a scorpion (fleeing) and a white imp.

Vanquished Creatures
  A quokka (D:4)
1 creature vanquished.

Vanquished Creatures (others)
  A plant (D:4)
1 creature vanquished.

Grand Total: 2 creatures vanquished

Notes
Turn   | Place    | Note
-------+----------+-------------------------------------------
     0 | D:5      | flotson the Demonspawn Delver began the quest for the Orb.
     0 | D:5      | Reached XP level 1. HP: 18/18 MP: 1/1
    53 | D:5      | Noticed a jelly
    73 | D:4      | Noticed a scorpion
    79 | D:4      | Killed from afar by a white imp

Illustrated notes

Levels and vault maps discovered:
D:4:      layout_loops_cross, nicolae_dithmenos_the_darkroom, serial_undead,
          serial_undead_f, serial_undead_d, serial_undead_f, serial_undead_d,
          chequers_serial_rivers_large_b, minmay_misc_feat_x,
          chequers_big_river, grunt_ministairs_11, uniq_eustachio
D:5:      layout_basic, fiery_altar_vehumet, kennysheep_opposing_triangles

Action                   || total
-------------------------++-------
Melee: Hand axe          ||     6
  Use: Scroll            ||     1
 Stab: Sleeping          ||     1
Armor: Leather armour    ||     1
Dodge: Dodged            ||     4

Table legend: (Time is in decaauts)
 A = Elapsed time spent in this place.
 B = Non-inter-level travel time spent in this place.
 C = Inter-level travel time spent in this place.
 D = Time resting spent in this place.
 E = Time spent auto-exploring this place.
 F = Levels seen in this place.
 G = Mean time per level.
                   A        B        C        D        E       F      G
               +--------+--------+--------+--------+--------+-----+--------+
         Total |     80 |     59 |     21 |     17 |     20 |   2 |   40.0 |
       Dungeon |     80 |     59 |     21 |     17 |     20 |   2 |   40.0 |
               +--------+--------+--------+--------+--------+-----+--------+

Top non-repeatable levels by time:
     D:5: 42 daAuts
     D:4: 38 daAuts
